 Seeded DCSS version 0.29.1-15-g9cfb28693d (webtiles) character file.

Game seed: 17169671857507315777 (custom seed)

135 Mickster the Chopper (level 4, 0/61 HPs)
             Began as a Minotaur Berserker on Apr 2, 2023.
             Was a Believer of Trog.
             Slain by an orc wizard
             ... wielding a +1 dagger of electrocution
              (3 damage)
             ... on level 4 of the Dungeon.
             The game lasted 00:23:11 (2712 turns).

Mickster the Chopper (Minotaur Berserker)           Turns: 2712, Time: 00:23:12

Health: 0/61       AC:  3    Str: 23    XL:     4   Next: 97%
Magic:  3/3        EV: 12    Int:  4    God:    Trog [**....]
Gold:   123        SH:  0    Dex: 10    Spells: 3/3 levels left

rFire   . . .      SeeInvis .   o - +1 whip (elec)
rCold   . . .      Faith    +   (no shield)
rNeg    . . .      Spirit   .   n - +0 leather armour
rPois   .          Reflect  .   (helmet restricted)
rElec   .          Harm     .   (no cloak)
rCorr   .          Rampage  .   (no gloves)
Will    .....                   (no boots)
Stlth   ..........              h - amulet of faith
HPRegen 0.20/turn               (no ring)
MPRegen 0.08/turn               (no ring)

@: berserking, very quick
A: horns 2, retaliatory headbutt
a: Renounce Religion, Berserk, Trog's Hand


You were on level 4 of the Dungeon.
You worshipped Trog.
Trog was pleased with you.
You visited 1 branch of the dungeon, and saw 4 of its levels.

You collected 123 gold pieces.

Inventory:

Hand Weapons
 a - a +0 hand axe
 g - a +0 sling
 m - a +0 dagger of venom
 o - a +1 whip of electrocution (weapon)
Missiles
 c - 6 poisoned darts (quivered)
 e - 9 stones
Armour
 b - a +0 animal skin
 n - a +0 leather armour (worn)
Jewellery
 h - an amulet of faith (around neck)
Wands
 j - a wand of flame (13)
Scrolls
 f - 2 scrolls of teleportation
 k - a scroll of noise {unknown}
Potions
 d - a potion of flight {unknown}
 i - 2 potions of curing
 l - 2 potions of magic {unknown}


   Skills:
 + Level 4.4 Fighting
 - Level 5.3 Axes
 * Level 1.7 Ranged Weapons
 + Level 2.6 Armour
 + Level 2.8 Dodging
 + Level 0.4 Stealth


You had 3 spell levels left.
You didn't know any spells.
Your spell library was empty.

Dungeon Overview and Level Annotations

Branches:
Dungeon (4/15)             Temple (0/1) D:4

Altars:


Innate Abilities, Weirdness & Mutations

You have a pair of horns on your head.
You reflexively headbutt those who attack you in melee.


Message History

An orc comes into view.
It is wielding a +1 long sword of holy wrath.
Found a stone staircase leading down.
An orc comes into view. It is wielding a +0 dagger.
Found a short sword.
The orc shouts!
You hear some strange, mumbled words.
Something tries to affect you, but you resist.
Something hits you.
You hear some strange, mumbled words.
A puff of flame appears from out of thin air!
The puff of flame hits you.
You feel less confused.
An orc comes into view. It is wielding a +0 flail.
You closely miss something. Something hits you.
The orc hits you with a +1 long sword of holy wrath.
You barely miss something.
The orc shouts!
Your headbutt misses something. Something hits you but does no damage.
The orc hits you with a +1 long sword of holy wrath.
You miss something. Something hits you. The orc barely misses you.
You furiously retaliate!
You headbutt the orc. You barely miss something.
Your headbutt misses something.
You hear some strange, mumbled words.
A magic dart appears from out of thin air!
The magic dart hits you!
The orc hits you with a +1 long sword of holy wrath!
* * * LOW HITPOINT WARNING * * *
A red film seems to cover your vision as you go berserk!
You feel yourself moving faster!
You feel mighty!
You hear some strange, mumbled words.
A magic dart appears from out of thin air!
The magic dart hits you!
* * * LOW HITPOINT WARNING * * *
The orc barely misses you.
Okay, then.
You closely miss something. You barely miss something.
Your headbutt misses something. Something hits you.
* * * LOW HITPOINT WARNING * * *
The orc barely misses you. The orc closely misses you.
You barely miss something. Your headbutt misses something. Something hits you.
You die...

#...# #...# #...# #$..## ##
.. #....####... ...
#.........>. #...
#...o......) .
#.##...###..o{o...# ..
.............@#####
.##.#.#.#....##.# .# .#. .#
#.#..##.# #. ..#.#
#.##.##.# ..
#..<#.#.##..#.# .####
..#..##.#.###.#.###.#... .
.#.#..##.#.# #...##....# .#
.#.#..##...###.......# ..#
...#..##...##.......#####.#


You could see 3 orcs.

Vanquished Creatures
  A hound (D:4)
  Robin (D:2)
  3 adders (D:2)
  A dart slug (D:1)
  2 endoplasms (D:1)
  3 giant cockroaches
  6 goblins
  9 hobgoblins
  13 jackals
  3 quokkas
  7 ball pythons
  3 bats (D:1)
  3 frilled lizards
  3 kobolds
  2 rats (D:1)
60 creatures vanquished.

Notes
Turn   | Place    | Note
-------+----------+-------------------------------------------
     0 | D:1      | Mickster the Minotaur Berserker began the quest for the
                  | Orb.
     0 | D:1      | Reached XP level 1. HP: 19/19 MP: 0/0
    85 | D:1      | Reached XP level 2. HP: 16/27 MP: 1/1
   103 | D:1      | Reached skill level 4 in Axes
   144 | D:1      | Found a faded altar of an unknown god.
   778 | D:1      | Reached XP level 3. HP: 31/33 MP: 2/2
  1068 | D:2      | Reached ** piety under Trog
  1087 | D:2      | Noticed Robin
  1098 | D:2      | Killed Robin
  1330 | D:2      | Reached skill level 5 in Axes
  1330 | D:2      | Reached XP level 4. HP: 41/41 MP: 3/3
  1530 | D:2      | Reached skill level 1 in Ranged Weapons
  2624 | D:4      | Found a staircase to the Ecumenical Temple.
  2711 | D:4      | HP: 3/61 [something (2)]
  2712 | D:4      | Slain by an orc wizard

Illustrated notes

Levels and vault maps discovered:
D:1:      minmay_arrival_diagonal_passages, layout_basic, basic_ecumenical_altar
D:2:      layout_basic, uniq_crazy_yiuf_cottage, uniq_robin
D:3:      layout_basic, serial_corexii_hall, corexii_hall_statues_t,
          corexii_hall_statues_deadend, corexii_hall_statues_u
D:4:      layout_rooms, mainiacjoe_overflow_surrounded_room,
          kennysheep_little_box, minmay_temple_entry_junction, uniq_natasha

Skill      XL: |  1  2  3  4 |
---------------+-------------+-----
Axes           | 4 5 |  5.3
Fighting       | 4 |  4.4
Ranged Weapons | 1 |  1.7
Armour         | |  2.6
Dodging        | |  2.8
Stealth        | |  0.4

Action                   |  1- 3 |  4- 6 || total
-------------------------+-------+-------++-------
Melee: Hand axe          |    72 |    34 ||   106
       Headbutt          |    13 |     5 ||    18
       Whip              |       |     7 ||     7
Invok: Berserk           |     1 |     2 ||     3
  Use: Scroll            |     3 |     1 ||     4
       Potion            |     4 |       ||     4
 Stab: Sleeping          |     1 |       ||     1
Armor: Animal skin       |    12 |     6 ||    18
       Leather armour    |       |     2 ||     2
Dodge: Dodged            |    67 |    23 ||    90
